 Dungeon Crawl Stone Soup version 0.20.1-1-g8b1a95d (webtiles) character file.

72 Wander the Digger (level 4, 39/39 HPs)
             Began as an Ogre Earth Elementalist on Nov 2, 2017.
             Quit the game on level 3 of the Dungeon.
             The game lasted 00:07:06 (2094 turns).

Wander the Digger (Ogre Earth Elementalist)         Turns: 2094, Time: 00:07:07

Health: 39/39      AC:  3    Str: 12    XL:     4   Next: 26%
Magic:  7/7        EV: 10    Int: 17    God:
Gold:   36         SH:  0    Dex:  9    Spells: 3/7 levels left

rFire    . . .     SeeInvis .   n - +0 whip
rCold    . . .     Gourm    .   (no shield)
rNeg     . . .     Faith    .   c - +0 robe
rPois    .         Spirit   .   (helmet restricted)
rElec    .         Reflect  .   (no cloak)
rCorr    .         Harm     .   (gloves unavailable)
MR       .....                  (boots unavailable)
Stlth    +.........             (no amulet)
Regen    0.2/turn               (no ring)
MPRegen  0.1/turn               (no ring)

@: no status effects
A: unfitting armour, tough skin 1
a: no special abilities


You were on level 3 of the Dungeon.
You were not hungry.

You visited 1 branch of the dungeon, and saw 3 of its levels.

You collected 36 gold pieces.

Inventory:

Hand Weapons
 n - a +0 whip (weapon)
Missiles
 m - 19 stones (quivered)
Armour
 c - a +0 robe (worn)
Wands
 p - a wand of random effects (31/48)
Scrolls
 a - 2 scrolls of recharging {unknown}
 f - 2 scrolls of amnesia {unknown}
 g - a scroll of fog {unknown}
Potions
 b - a potion of curing {unknown}
 i - a potion of haste {unknown}
 j - a potion of ambrosia {unknown}
 k - a potion of mutation {unknown}
 l - a potion of magic {unknown}
 o - 2 potions of flight {unknown}
Books
 e - a book of Geomancy

   Spells                             Type                      Level
   a - Sandblast                      Earth                        1
   b - Passwall                       Transmutation/Earth          2
   c - Stone Arrow                    Conjuration/Earth            3
   d - Petrify                        Transmutation/Earth          4
   e - Lee's Rapid Deconstruction     Earth                        5
Comestibles
 d - 2 bread rations
 h - 3 royal jellies
 q - 2 fruits


   Skills:
 - Level 1.7 Dodging
 - Level 1.4 Stealth
 - Level 2.4 Spellcasting
 + Level 1.0 Conjurations
   Level 0.8 Transmutations
 - Level 4.3 Earth Magic


You had 3 spell levels left.
You knew the following spells:

 Your Spells              Type           Power        Failure   Level  Hunger
a - Sandblast             Erth           ###...       3%          1    #......
b - Stone Arrow           Conj/Erth      ##....       19%         3    ###....


Dungeon Overview and Level Annotations

Branches:
Dungeon (3/15)

Altars:
Dithmenos
Fedhas
The Shining One


Innate Abilities, Weirdness & Mutations

You are too large for most types of armour.
You have tough skin. (AC +1)


Message History

The stone arrow hits the orc.
You kill the orc!
Your Conjurations skill increases to level 1!
You start resting.
Eating a chunk of flesh.
You eat the chunk of flesh.
This raw flesh tastes terrible.
Magic restored.
Unknown command.
Unknown command.
Quiver which item? (- for none, * to show all) (? for menu, Esc to quit)
Okay, then.
Unknown command.
Okay, then.
Quiver which item? (- for none, * to show all) (? for menu, Esc to quit)
You don't have any such object.
Quiver which item? (- for none, * to show all) (? for menu, Esc to quit)
Okay, then.
You can't go down here!
You can't go down here!
Are you sure you want to abandon this character and quit the game? (Confirm with "yes".)

....#.# #............#
.#..#.# #............#
.#..#.# #.....?......#
.#..#.# #............#
#####.# #.........$..#
#.#####............#
####.##...........)...#
.#....##.##............#
................@......#
...#####.#..........$..#
...#.....#..############
.. #.######## .. . #


There were no monsters in sight!

Vanquished Creatures
  An adder (D:2)
  An ooze (D:1)
  A worm (D:2)
  3 leopard geckos
  An orc (D:3)
  A ball python (D:2)
  3 giant cockroaches (D:2)
  8 hobgoblins
  3 kobolds
  7 bats
  3 frilled lizards
  8 goblins
  8 rats
48 creatures vanquished.

Notes
Turn   | Place    | Note
-------+----------+-------------------------------------------
     0 | D:1      | Wander the Ogre Earth Elementalist began the quest for the Orb.
     0 | D:1      | Reached XP level 1. HP: 16/16 MP: 3/3
   173 | D:1      | Reached skill level 3 in Earth Magic
   247 | D:1      | Reached XP level 2. HP: 24/24 MP: 0/5
   809 | D:2      | Reached XP level 3. HP: 29/31 MP: 2/6
   911 | D:2      | Learned a level 3 spell: Stone Arrow
   911 | D:2      | Found a glowing golden altar of the Shining One.
   972 | D:2      | Reached skill level 4 in Earth Magic
  1387 | D:2      | Reached XP level 4. HP: 19/39 MP: 2/7
  1555 | D:2      | Found a blossoming altar of Fedhas.
  1572 | D:2      | Found a shadowy altar of Dithmenos.
  2033 | D:3      | Reached skill level 1 in Conjurations
  2094 | D:3      | Quit the game

Skill      XL: |  1  2  3  4 |
---------------+-------------+-----
Earth Magic    | 3 4 |  4.3
Conjurations   | 1 |  1.0
Dodging        | |  1.7
Stealth        | |  1.4
Spellcasting   | |  2.4
Transmutations | |  0.8

Action                   |  1- 3 |  4- 6 || total
-------------------------+-------+-------++-------
Melee: Unarmed           |    33 |     1 ||    34
       Whip              |       |    40 ||    40
 Cast: Sandblast         |    43 |     1 ||    44
       Stone Arrow       |     7 |     4 ||    11
  Eat: Chunk             |     2 |     4 ||     6
Armor: Robe              |     6 |    14 ||    20
Dodge: Dodged            |    25 |    23 ||    48
